 Dungeon Crawl Stone Soup version 0.30-a0-365-ge7f957f1db (webtiles) character file.

Game seed: 5427407250882536082

37780 erofeev the Severer (level 13, -2/123 HPs)
             Began as a Hill Orc Fighter on Nov 17, 2022.
             Was a High Priest of Okawaru.
             Slain by an 11-headed hydra (4 damage)
             ... while petrified
             ... on level 3 of the Lair of Beasts.
             The game lasted 01:01:48 (25467 turns).

erofeev the Severer (Hill Orc Fighter)             Turns: 25467, Time: 01:01:48

Health: -2/123     AC: 41    Str: 29    XL:     13   Next: 98%
Magic:  12/16      EV:  2    Int:  8    God:    Okawaru [*****.]
Gold:   1467       SH:  0    Dex: 18    Spells: 12/12 levels left

rFire   . . .      SeeInvis .    n - +8 mithril axe "Arga" {speed, Will+}
rCold   . . .      Faith    .    c - +0 buckler
rNeg    + + +      Spirit   .    e - +11 crystal plate armour "Cyuqiw" {rCorr Str+5 Dex+2 Stlth+}
rPois   ∞          Reflect  .    (no helmet)
rElec   .          Harm     .    p - +0 cloak
rCorr   +          Rampage  .    h - +0 pair of gloves
Will    +....                    k - +0 pair of boots
Stlth   ..........               (no amulet)
HPRegen 0.40/turn                r - ring of flight
MPRegen 0.15/turn                w - +6 ring of dexterity

@: petrified, heroic, flying
A: no striking features
a: Renounce Religion, Heroism, Finesse, Duel


You were on level 3 of the Lair of Beasts.
You worshipped Okawaru.
Okawaru was extremely pleased with you.
You visited 2 branches of the dungeon, and saw 16 of its levels.
You also visited: Bailey.

You collected 1741 gold pieces.
You spent 274 gold pieces at shops.

Inventory:

Hand Weapons
 i - a +6 vampiric scimitar
 m - a +0 longbow
 n - the +8 mithril axe "Arga" (weapon) {speed, Will+}
   (You found it on level 2 of the Dungeon)

   Attacks with this weapon are significantly faster.
   Will:      It increases your willpower.
 B - a +8 vorpal trident
 M - a +5 executioner's axe of electrocution
 N - a +4 bardiche of venom
Missiles
 K - 23 javelins
 L - a silver boomerang (quivered)
Armour
 c - a +0 buckler (worn)
 e - the +11 crystal plate armour "Cyuqiw" (worn) {rCorr Str+5 Dex+2 Stlth+}
   (You acquired it on level 1 of the Dungeon)

   Str:       It affects your strength (+5).
   Dex:       It affects your dexterity (+2).
   rCorr:     It protects you from acid and corrosion.
   Stlth:     It makes you more stealthy.
 h - a +0 pair of gloves (worn)
 k - a +0 pair of boots (worn)
 p - a +0 cloak (worn)
 Q - the +1 robe of the Other World {rElec rF- Will+ Slay+3}
   (Okawaru gifted it to you on level 8 of the Dungeon)

   Slay:      It affects your accuracy & damage with ranged weapons and melee
   (+3).
   rF:        It makes you vulnerable to fire.
   rElec:     It insulates you from electricity.
   Will:      It increases your willpower.
Jewellery
 a - a ring of resist corrosion
 l - a ring of willpower
 r - a ring of flight (left hand)
 w - a +6 ring of dexterity (right hand)
 x - the ring "Yghutirch" {Drain rC+ Slay+3 Stlth+}
   (You found it on level 4 of the Dungeon)

   [ring of protection from cold]

   Slay:      It affects your accuracy & damage with ranged weapons and melee
   (+3).
   rC:        It protects you from cold.
   Drain:     It drains your maximum health when unequipped.
   Stlth:     It makes you more stealthy.
 y - the ring "Raicy" {rElec rF+ rN+ Will+ Int+6}
   (You found it on level 1 of the Lair of Beasts)

   [ring of intelligence]

   Int:       It affects your intelligence (+6).
   rF:        It protects you from fire.
   rElec:     It insulates you from electricity.
   rN:        It protects you from negative energy.
   Will:      It increases your willpower.
 F - a +4 ring of evasion
Wands
 b - a wand of flame (48)
 v - a wand of mindburst (9)
Scrolls
 f - a scroll of magic mapping
 j - 2 scrolls of teleportation
 H - 7 scrolls of identify
 J - 3 scrolls of blinking
Potions
 d - 4 potions of might
 g - 3 potions of haste
 o - a potion of resistance
 q - a potion of invisibility
 u - 9 potions of curing
 z - 3 potions of berserk rage
 E - a potion of ambrosia
 I - a potion of lignification
 O - a potion of heal wounds
Miscellaneous
 s - a lightning rod (4/4)


   Skills:
 + Level 13.8(18.8) Fighting
 + Level 19.7(24.9) Axes
 + Level 3.4(16.5) Polearms
 + Level 0.9(5.9) Ranged Weapons
 + Level 0.7(5.7) Throwing
 + Level 12.3(17.3) Armour
 + Level 0.5(5.5) Dodging
 + Level 2.0(7.0) Stealth
 + Level 8.2(13.2) Shields
 + Level 4.3 Invocations
 + Level 1.4 Evocations


You had 12 spell levels left.
You didn't know any spells.
Your spell library contained the following spells:

 Spells                   Type           Power      Damage    Failure   Level
 Sting                    Tmut/Pois      0%         1d3       100%        1
 Cigotuvi's Dreadful Rot  Necr/Pois/Air  0%         N/A       100%        2
 Ensorcelled Hibernation  Hex/Ice        0%         N/A       100%        2
 Poisonous Vapours        Pois/Air       0%         N/A       100%        2
 Hailstorm                Conj/Ice       0%         3d3       100%        3
 Ozocubu's Armour         Ice            0%         N/A       100%        3
 Spider Form              Tmut/Pois      0%         N/A       100%        3
 Anguish                  Hex/Necr       0%         N/A       100%        4
 Dispel Undead            Necr           0%         3d6       100%        4
 Ice Form                 Ice/Tmut       0%         N/A       100%        4
 Olgreb's Toxic Radiance  Pois           0%         N/A       100%        4
 Ozocubu's Refrigeration  Ice            0%         4d7       100%        7
 Death Channel            Necr           Unusable   N/A       N/A         6
 Simulacrum               Ice/Necr       Unusable   N/A       N/A         6

Dungeon Overview and Level Annotations

Branches:
Dungeon (13/15)            Temple (0/1) D:4            Lair (3/5) D:11
    Orc (0/2) D:11         Bailey (visited)
  Swamp: Lair:2-3    Shoals: Lair:2-3     Snake: Lair:2-3    Spider: Lair:2-3
 Vaults: D:13-14

Altars:
Cheibriados
Dithmenos
Fedhas
Gozag
Hepliaklqana
Makhleb
Okawaru
Qazlal
Uskayaw
Wu Jian
Xom
Yredelemnul
Zin
The Shining One
Beogh

Shops:
D:5 *   D:10 *   D:11 *[*(   D:12 (


Message History

The 11-headed hydra bites you.
* * * LOW HITPOINT WARNING * * *
The 11-headed hydra bites you but does no damage. x3
The 11-headed hydra completely misses you.
The 11-headed hydra bites you but does no damage.
The 11-headed hydra bites you. The 11-headed hydra barely misses you.
The 11-headed hydra bites you but does no damage.
The 11-headed hydra bites you but does no damage. x2
The 11-headed hydra completely misses you.
The 11-headed hydra bites you but does no damage. x7
The 11-headed hydra bites you!
* * * LOW HITPOINT WARNING * * *
The 11-headed hydra bites you but does no damage. x8
The 11-headed hydra bites you.
* * * LOW HITPOINT WARNING * * *
The 11-headed hydra bites you but does no damage. x2
The 11-headed hydra bites you but does no damage. x5
The 11-headed hydra bites you!
* * * LOW HITPOINT WARNING * * *
The 11-headed hydra bites you but does no damage.
The 11-headed hydra bites you!
* * * LOW HITPOINT WARNING * * *
The 11-headed hydra bites you but does no damage. x3
The 11-headed hydra bites you but does no damage. x6
The 11-headed hydra bites you!
* * * LOW HITPOINT WARNING * * *
The 11-headed hydra bites you.
* * * LOW HITPOINT WARNING * * *
The 11-headed hydra bites you but does no damage. x3
The 11-headed hydra bites you but does no damage. x2
The 11-headed hydra bites you.
The 11-headed hydra bites you but does no damage. x3
The 11-headed hydra barely misses you.
The 11-headed hydra bites you but does no damage.
The 11-headed hydra completely misses you.
The 11-headed hydra bites you but does no damage. x2
The 11-headed hydra bites you.
The 11-headed hydra bites you but does no damage. x2
The 11-headed hydra bites you!
You die...

♣.♣. ♣.. ## ##### ##
##< ♣.♣♣♣[.[♣♣♣.♣ ##
~.♣.~~~.♣.~
~.#~~~#.~ ♣.~~~.♣
♣?D?♣ . ########@#
##### ..
#........####†..# ..
#.♣.######..†.♣.#♣.#
#.♣.#..['...#.♣...
#.♣.'..######.♣.#
#...####........#
######♣♣.♣♣######
♣.........♣♣♣
♣..♣♣♣♣.♣♣♣♣..♣#


You could see a 11-headed hydra.

Vanquished Creatures
  Kirke (D:12)
  An ice dragon (Lair:1)
  4 boulder beetles
  A hydra (Lair:2)
  A catoblepas (Lair:3)
  5 two-headed ogres
  Nergalle (D:12)
  Amaemon (D:8)
  The ghost of billz999 the Basher, a novice DsGl of Qazlal (D:8)
  Lodul (D:12)
  Pikel (D:8)
  An orc knight (D:13)
  A manticore (D:13)
  2 cyclopes
  An elephant (Lair:3)
  2 ugly things
  7 black mambas
  An orange demon (D:8)
  8 cane toads
  A kobold demonologist (D:11)
  A rime drake (shapeshifter) (D:13)
  2 rime drakes
  An unseen horror (D:10)
  8 komodo dragons
  3 trolls
  A polar bear (Lair:3)
  5 blink frogs (Lair:1)
  2 shadows (D:11)
  2 wraiths
  5 wyverns
  15 yaks
  A human (D:12)
  3 basilisks
  6 hogs (D:12)
  3 steam dragons
  5 vampire mosquitoes
  9 water moccasins
  14 orc warriors
  2 acid dragons
  2 black bears
  3 sky beasts
  3 ice beasts
  7 ogres
  14 centaurs
  A lemure (D:8)
  2 phantoms (D:11)
  11 bullfrogs
  A kobold brigand (D:9)
  2 necrophages
  5 gnoll sergeants
  4 scorpions
  4 wights
  7 killer bees (D:10)
  4 howler monkeys
  A jelly (D:6)
  10 orc priests
  2 hounds
  8 iguanas
  14 orc wizards
  Natasha (thrice) (D:3)
  A hell rat (Lair:3)
  8 ogre zombies (D:11)
  25 gnolls
  5 adders
  A white imp (D:8)
  3 ufetubi
  4 worms
  3 dart slugs
  63 orcs
  10 bats
  7 endoplasms
  A giant cockroach (D:1)
  8 goblins
  4 hobgoblins (D:2)
  4 jackals (D:2)
  12 kobolds
  3 quokkas
  4 ball pythons
  2 frilled lizards
  A goblin skeleton (D:11)
  3 goblin zombies (D:11)
  2 hobgoblin skeletons (D:11)
  4 hobgoblin zombies (D:11)
  15 orc zombies (D:11)
  5 rats
436 creatures vanquished.

Vanquished Creatures (others)
  A kobold brigand (D:8)
  2 human simulacra (D:10)
  2 fungi
  47 plants
52 creatures vanquished.

Grand Total: 488 creatures vanquished

Notes
Turn   | Place    | Note
-------+----------+-------------------------------------------
     0 | D:1      | erofeev the Hill Orc Fighter began the quest for the Orb.
     0 | D:1      | Reached XP level 1. HP: 19/19 MP: 1/1
   152 | D:1      | Reached XP level 2. HP: 26/27 MP: 2/2
   769 | D:1      | Reached XP level 3. HP: 29/33 MP: 3/3
  1359 | D:1      | Identified a scroll of acquirement
  1359 | D:1      | Acquired the +11 crystal plate armour "Cyuqiw" {rCorr Str+5
                  | Dex+2 Stlth+}
  1864 | D:2      | Found the +8 mithril axe "Arga" {speed, Will+}
  2443 | D:2      | Reached XP level 4. HP: 41/41 MP: 4/4
  2747 | D:2      | Reached skill level 1 in Axes
  3070 | D:3      | Noticed Natasha
  3074 | D:3      | Killed Natasha
  3075 | D:3      | Reached skill level 2 in Axes
  3075 | D:3      | Reached XP level 5. HP: 47/47 MP: 5/5
  3108 | D:3      | Noticed Natasha
  3116 | D:3      | Killed Natasha
  3166 | D:3      | Reached skill level 3 in Axes
  3694 | D:3      | Reached skill level 4 in Axes
  3694 | D:3      | Reached XP level 6. HP: 55/55 MP: 6/6
  3696 | D:3      | Noticed Natasha
  3702 | D:3      | Killed Natasha
  4421 | D:4      | Found a staircase to the Ecumenical Temple.
  4615 | D:4      | Identified the ring "Yghutirch" {Drain rC+ Slay+3 Stlth+}
  4636 | D:4      | Found a shadowy altar of Dithmenos.
  4771 | D:4      | Reached skill level 5 in Fighting
  4771 | D:4      | Reached skill level 5 in Axes
  4795 | D:4      | Found a shimmering altar of Xom.
  4852 | D:4      | Found a glowing golden altar of the Shining One.
  4926 | D:4      | Found a hazy altar of Hepliaklqana.
  5140 | D:5      | Entered Level 5 of the Dungeon
  5249 | D:5      | Reached skill level 6 in Axes
  5249 | D:5      | Reached XP level 7. HP: 61/61 MP: 7/7
  6035 | D:5      | Found Gossim's Assorted Antiques.
  6558 | D:6      | Reached skill level 7 in Axes
  6638 | D:6      | Reached skill level 5 in Armour
  6726 | D:6      | Reached XP level 8. HP: 70/70 MP: 8/8
  7090 | D:6      | Reached skill level 8 in Axes
  7344 | D:6      | Found a glowing silver altar of Zin.
  7344 | D:6      | Found an opulent altar of Gozag.
  7480 | D:7      | Reached skill level 9 in Axes
  7606 | D:7      | Reached skill level 10 in Axes
  7606 | D:7      | Reached XP level 9. HP: 78/78 MP: 9/9
  7617 | D:7      | Found a blossoming altar of Fedhas.
  7663 | D:7      | Found a basalt altar of Yredelemnul.
  7871 | D:7      | Found a flagged portal.
  7880 | Bailey   | Entered a bailey
  8034 | Bailey   | Reached skill level 11 in Axes
  8786 | Bailey   | Reached skill level 5 in Shields
  8809 | Bailey   | Reached skill level 1 in Stealth
  8813 | Bailey   | Reached skill level 12 in Axes
  8981 | Bailey   | Reached XP level 10. HP: 80/88 MP: 10/10
  9267 | D:7      | Found an iron altar of Okawaru.
  9319 | D:7      | Became a worshipper of Warmaster Okawaru
  9999 | D:7      | Found a burning altar of Makhleb.
 10002 | D:7      | Noticed a blizzard demon
 10641 | D:8      | Reached * piety under Okawaru
 10642 | D:8      | Reached skill level 13 in Axes
 10973 | D:8      | Identified the +1 robe of the Solstice {Drain Regen+ rCorr
                  | Str+4}
 11676 | D:8      | Found a runed translucent gate.
 11677 | D:8      | Found a runed translucent gate.
 11677 | D:8      | Found a runed translucent gate.
 11686 | D:8      | Found an opulent altar of Gozag.
 11697 | D:8      | Found a stormy altar of Qazlal.
 11698 | D:8      | Found a snail-covered altar of Cheibriados.
 11707 | D:8      | Found an ornate altar of the Wu Jian Council.
 11708 | D:8      | Found a hide-covered altar of Uskayaw.
 11745 | D:8      | Noticed a cyclops
 11746 | D:8      | Noticed a white ugly thing
 11747 | D:8      | Noticed billz999's ghost (novice DsGl)
 12829 | D:8      | Noticed Pikel
 12837 | D:8      | Killed Pikel
 12838 | D:8      | Reached skill level 14 in Axes
 13009 | D:8      | Reached ** piety under Okawaru
 13152 | D:8      | Noticed Amaemon
 13154 | D:8      | Noticed an orange demon
 13159 | D:8      | Killed Amaemon
 13160 | D:8      | Reached XP level 11. HP: 94/97 MP: 11/11
 13168 | D:8      | Reached skill level 15 in Axes
 14424 | D:9      | Noticed a cyclops
 14456 | D:9      | Killed a cyclops
 14896 | D:9      | Reached *** piety under Okawaru
 14897 | D:9      | Reached skill level 1 in Evocations
 15593 | D:10     | Entered Level 10 of the Dungeon
 16327 | D:10     | Reached skill level 10 in Fighting
 16351 | D:10     | Reached skill level 16 in Axes
 16624 | D:10     | Found Fuadim Munest's General Store.
 16628 | D:10     | Bought a potion of curing for 33 gold pieces
 16628 | D:10     | Bought a potion of curing for 33 gold pieces
 16628 | D:10     | Bought a scroll of identify for 22 gold pieces
 17053 | D:11     | Reached **** piety under Okawaru
 17141 | D:11     | Found Zenemyb's General Store.
 17151 | D:11     | Bought 2 potions of curing for 66 gold pieces
 17151 | D:11     | Bought a scroll of identify for 22 gold pieces
 17416 | D:11     | Found a staircase to the Orcish Mines.
 17799 | D:11     | Noticed a two-headed ogre
 17806 | D:11     | Noticed a two-headed ogre
 17834 | D:11     | Killed a two-headed ogre
 17835 | D:11     | Reached XP level 12. HP: 70/108 MP: 12/12
 17838 | D:11     | Killed a two-headed ogre
 17959 | D:11     | Noticed a boulder beetle
 17974 | D:11     | Killed a boulder beetle
 17974 | D:11     | Reached ***** piety under Okawaru
 17975 | D:11     | Reached skill level 17 in Axes
 18260 | D:11     | Noticed a two-headed ogre
 18266 | D:11     | Killed a two-headed ogre
 18267 | D:11     | Reached skill level 1 in Invocations
 18329 | D:11     | You are sucked into a shaft and drop 2 floors!
 18542 | D:13     | Found a roughly hewn altar of Beogh.
 18946 | D:13     | Reached skill level 10 in Armour
 19046 | D:13     | Noticed a boulder beetle
 19070 | D:13     | Killed a boulder beetle
 19070 | D:13     | Received a gift from Okawaru
 19347 | D:12     | Noticed Lodul
 19360 | D:12     | Killed Lodul
 19363 | D:12     | Received a gift from Okawaru
 19412 | D:12     | Found Keypual's Antique Weapon Shoppe.
 19413 | D:12     | Noticed Nergalle
 19415 | D:12     | Noticed a two-headed ogre
 19421 | D:12     | Killed Nergalle
 19422 | D:12     | Reached skill level 18 in Axes
 19427 | D:12     | Killed a two-headed ogre
 19490 | D:12     | Noticed Kirke
 19523 | D:12     | Killed Kirke
 19523 | D:12     | Received a gift from Okawaru
 19921 | D:11     | Found Fawatiteo's Armour Emporium.
 20112 | D:11     | Found Pubo's General Store.
 20115 | D:11     | Bought a potion of heal wounds for 70 gold pieces
 20115 | D:11     | Bought a scroll of identify for 28 gold pieces
 20150 | D:11     | Found a staircase to the Lair.
 20196 | D:11     | Found Tifah's Weapon Boutique.
 20197 | D:11     | Noticed a two-headed ogre
 20206 | D:11     | Killed a two-headed ogre
 20639 | D:8      | Reached XP level 13. HP: 81/119 MP: 12/15
 20640 | D:8      | Identified the +1 robe of the Other World {rElec rF- Will+
                  | Slay+3} (Okawaru gifted it to you on level 8 of the
                  | Dungeon)
 20640 | D:8      | Received a gift from Okawaru
 20646 | D:8      | Killed billz999's ghost
 21186 | Lair:1   | Entered Level 1 of the Lair of Beasts
 22139 | Lair:1   | Reached skill level 19 in Axes
 22222 | Lair:1   | Noticed an ice dragon
 22236 | Lair:1   | Killed an ice dragon
 22424 | Lair:1   | Identified the ring "Raicy" {rElec rF+ rN+ Will+ Int+6}
 25189 | Lair:3   | Received a gift from Okawaru
 25464 | Lair:3   | HP: 6/123 [11-headed hydra (5)]
 25465 | Lair:3   | HP: 2/123 [11-headed hydra (4)]
 25467 | Lair:3   | Slain by an 11-headed hydra

Illustrated notes

Levels and vault maps discovered:
D:1:      minmay_arrival_diagonal_passages, layout_basic
D:2:      layout_basic, kennysheep_generic_room_5
D:3:      layout_basic, uniq_natasha
D:4:      layout_loops_ring, nicolae_overflow_quartered_altars,
          minmay_temple_entry_overgrown, hangedman_glass_teeth
D:5:      layout_basic, serial_shops, kennysheep_mini, skrybe_limestone_x
D:6:      layout_loops_ring, grunt_temple_overflow_gold_and_silver
D:7:      layout_layer_cave, nicolae_overflow_crystal_walls,
          amcnicky_altar_gilded, fedhas_ov_isle_minmay,
          makhleb_altar_promises_db, enter_bailey_3
D:8:      mumra_celtic_spiral_tile, layout_cave_pods, minitemple,
          ebering_ghost_gozag, minmay_increasing_density, uniq_pikel,
          uniq_amaemon
D:9:      layout_long_grid
D:10:     layout_stronghold, serial_shops, nicolae_shop_behind_doors,
          bh_circular_ruins
D:11:     layout_roguey, lair_entry_dummy, zombieorc2_lemuel, serial_shops,
          shop, nicolae_shop_window_shopping, shop, shop
D:12:     layout_irregular_city, serial_shops, shop_fountains, shop,
          nicolae_shop_window_shopping, uniq_kirke, uniq_nergalle, uniq_lodul
D:13:     minmay_the_grid_octo_tiled_octocenter_mashed
          [minmay_the_grid_octo_fat_diamond, minmay_the_grid_octo_toaster,
          minmay_the_grid_octo_teeth, minmay_the_grid_octo_pinwheel,
          minmay_the_grid_octo_prize_star, minmay_the_grid_square_5x5_detours,
          minmay_the_grid_square_5x5_plus, minmay_the_grid_square_5x5_trominoes,
          minmay_the_grid_square_5x5_shuriken], layout_cave_pools, special_room
          [special_room_orc], minmay_misc_feat_doors, minmay_ruined_shrine
Lair:1:   dragon1_lemuel, layout_misc_corridors, grunt_forest_small_clearings,
          lemuel_fruit_fields, lemuel_fruit_fields
Lair:2:   layout_regular_city, st_stairs_5
Lair:3:   nzn_winding_woodlands_huge [nzn_winding_woodlands_5x15_river_crossing,
          nzn_winding_woodlands_5x15_jagged,
          nzn_winding_woodlands_5x15_lazy_stream,
          nzn_winding_woodlands_5x15_sawtooth, nzn_winding_woodlands_5x15_pool,
          nzn_winding_woodlands_5x15_garden, nzn_winding_woodlands_5x15_twine,
          nzn_winding_woodlands_5x15_parted, nzn_winding_woodlands_5x15_pockets,
          nzn_winding_woodlands_5x15_eye, nzn_winding_woodlands_center_lodge,
          nzn_winding_woodlands_center_triple_pond,
          nzn_winding_woodlands_15x15_five_gardens], layout_loops_ring,
          minmay_shoals_entry_beasts, dummy_snake_entry

Skill      XL: |  1  2  3  4  5  6  7  8  9 10 11 12 13 |
---------------+----------------------------------------+-----
Fighting       | 4 5 6 7 9 10 12 13 | 13.8
Polearms       | 3 |  3.4
Axes           | 2 4 6 7 10 12 14 16 18 19 | 19.7
Armour         | 4 5 7 8 9 10 12 | 12.3
Shields        | 4 5 6 7 8 |  8.2
Stealth        | 1 2 |  2.0
Evocations     | 1 |  1.4
Invocations    | 3 4 |  4.3
Ranged Weapons | |  0.9
Throwing       | |  0.7
Dodging        | |  0.5

Action                   |  1- 3 |  4- 6 |  7- 9 | 10-12 | 13-15 || total
-------------------------+-------+-------+-------+-------+-------++-------
Melee: Trident           |    98 |       |       |       |       ||    98
       Broad axe         |     5 |   110 |   181 |   433 |   230 ||   959
 Fire: Longbow           |       |       |     3 |       |       ||     3
Throw: Javelin           |       |       |       |     6 |       ||     6
Invok: Heroism           |       |       |       |    23 |    13 ||    36
Evoke: Wand              |       |       |       |    15 |       ||    15
  Use: Scroll            |     7 |     6 |     4 |    12 |     9 ||    38
       Potion            |       |       |     2 |     7 |     2 ||    11
 Stab: Invisible         |       |       |     4 |       |       ||     4
Armor: Scale mail        |    27 |       |       |       |       ||    27
       Crystal plate arm |    18 |    61 |   201 |   278 |   211 ||   769
Dodge: Dodged            |    43 |     9 |    60 |    83 |    61 ||   256
Block: Buckler           |    11 |    20 |    79 |   103 |    56 ||   269

Table legend: (Time is in decaauts)
 A = Elapsed time spent in this place.
 B = Non-inter-level travel time spent in this place.
 C = Inter-level travel time spent in this place.
 D = Time resting spent in this place.
 E = Time spent auto-exploring this place.
 F = Levels seen in this place.
 G = Mean time per level.
                   A        B        C        D        E       F      G
               +--------+--------+--------+--------+--------+-----+--------+
         Total |  25144 |  22529 |   2615 |   9696 |   5167 |  17 | 1479.1 |
       Dungeon |  19621 |  17182 |   2439 |   7029 |   4435 |  13 | 1509.3 |
          Lair |   4170 |   3994 |    176 |   2003 |    600 |   3 | 1390.0 |
        Bailey |   1352 |   1352 |      0 |    664 |    132 |   1 | 1352.0 |
               +--------+--------+--------+--------+--------+-----+--------+

Top non-repeatable levels by time:
     D:8: 3346 daAuts
     D:7: 2201 daAuts
  Lair:1: 2039 daAuts
    D:11: 1865 daAuts
     D:9: 1819 daAuts
     D:2: 1554 daAuts
     D:1: 1537 daAuts
    D:10: 1493 daAuts
  Lair:2: 1368 daAuts
  Bailey: 1352 daAuts
     D:6: 1168 daAuts
     D:5: 1097 daAuts
     D:4: 1074 daAuts
     D:3: 991 daAuts
    D:13: 964 daAuts
